 Dungeon Crawl Stone Soup version 0.31-a0-152-g6aa68a64a1 (webtiles) character file.

Game seed: 15501257993202224299

1816 Irreverend the Digger (level 9, -2/55 HPs)
             Began as a Gargoyle Earth Elementalist on June 9, 2023.
             Was an Initiate of Vehumet.
             Slain by a hound (3 damage)
             ... on level 6 of the Dungeon.
             The game lasted 00:13:23 (4562 turns).

Irreverend the Digger (Gargoyle Earth Elementalist) Turns: 4562, Time: 00:13:24

Health: -2/55      AC:  8    Str: 13    XL:     9   Next: 10%
Magic:  14/15      EV: 11    Int: 25    God:    Vehumet [......]
Gold:   366        SH:  5    Dex: 10    Spells: 10/16 levels left

rFire   . . .        o - +0 club
rCold   . . .        t - +0 buckler
rNeg    + . .        a - +0 robe
rPois   ∞            (no helmet)
rElec   +            (no cloak)
rCorr   .            (no gloves)
SInv    .            (no boots)
Will    .....        h - amulet of magic regeneration
Stlth   ++           u - +6 ring of intelligence
HPRegen 0.29/turn    v - ring of flight
MPRegen 0.54/turn

%: no passive effects
@: flying, mesmerised
A: sickness immunity, AC +6, negative energy resistance 1, electricity
resistance, torment resistance 1, petrification resistance
a: Renounce Religion


You were on level 6 of the Dungeon.
You worshipped Vehumet.
Vehumet was noncommittal.
You visited 2 branches of the dungeon, and saw 7 of its levels.
You also visited: Sewer.

You collected 366 gold pieces.

Inventory:

Hand Weapons
 o - a +0 club (weapon)
Armour
 a - a +0 robe (worn)
 d - an orb of mayhem
 t - a +0 buckler (worn)
Jewellery
 h - an amulet of magic regeneration (around neck)
 n - an amulet of faith
 s - an amulet of the acrobat
 u - a +6 ring of intelligence (left hand)
 v - a ring of flight (right hand)
Wands
 F - a wand of flame (22)
Scrolls
 c - 7 scrolls of teleportation
 f - 3 scrolls of poison {unknown}
 j - 2 scrolls of torment {unknown}
 m - a scroll of fear {unknown}
 p - a scroll of enchant weapon {unknown}
 w - a scroll of magic mapping {unknown}
 x - 2 scrolls of amnesia {unknown}
 y - 2 scrolls of enchant armour {unknown}
 C - 3 scrolls of identify {unknown}
 D - a scroll of vulnerability {unknown}
 E - a scroll of silence {unknown}
Potions
 b - a potion of magic
 e - 4 potions of curing {unknown}
 g - a potion of attraction {unknown}
 i - 2 potions of mutation {unknown}
 k - 2 potions of heal wounds {unknown}
 l - 2 potions of might {unknown}
 q - a potion of brilliance {unknown}
 r - a potion of lignification {unknown}
 z - 2 potions of degeneration {unknown}
 A - 4 potions of enlightenment
 B - a potion of cancellation {unknown}
 G - 2 potions of berserk rage {unknown}


   Skills:
 + Level 6.2 Fighting
 - Level 1.5 Dodging
 - Level 2.1 Stealth
 + Level 5.6 Shields
 + Level 4.3 Spellcasting
 - Level 4.0 Conjurations
 - Level 0.7 Transmutations
 + Level 7.9 Earth Magic


You had 10 spell levels left.
You knew the following spells:

 Your Spells              Type           Power      Damage    Failure   Level
a - Sandblast             Erth           90%        2d19      1%          1
b - Stone Arrow           Conj/Erth      70%        3d11      3%          3
c - Passwall              Tmut/Erth      22%        N/A       3%          2

Your spell library contained the following spells:

 Spells                   Type           Power      Damage    Failure   Level
 Beastly Appendage        Tmut           18%        N/A       9%          1
 Wereblood                Tmut           9%         N/A       13%         2
 Dazzling Flash           Conj/Hex       30%        N/A       16%         3
 Petrify                  Tmut/Erth      27%        N/A       19%         4
 Spider Form              Tmut/Pois      7%         N/A       30%         3
 Portal Projectile        Hex/Tloc       10%        N/A       34%         3
 Tukima's Dance           Hex            5%         N/A       34%         3
 Iskenderun's Battlesphe  Conj           25%        2d8       52%         5
 Fireball                 Conj/Fire      7%         3d5       80%         5
 Blade Hands              Tmut           4%         N/A       94%         5
 Agony                    Necr           5%         N/A       97%         5
 Silence                  Hex/Air        2%         N/A       97%         5
 Conjure Ball Lightning   Conj/Air       7%         3x3d6     100%        6
 Orb of Destruction       Conj           12%        9d7       100%        7


Dungeon Overview and Level Annotations

Branches:
Dungeon (6/15)             Temple (1/1) D:5           Sewer (visited)

Altars:
Ashenzari
Cheibriados
Elyvilon
Fedhas
Gozag
Kikubaaqudgha
Makhleb
Trog
Uskayaw
Vehumet
Wu Jian

Annotations:
D:6 Maggie


Innate Abilities, Weirdness & Mutations

You are immune to sickness and miasma.
Your stone body is resilient. (AC +6)
You are immune to poison.
You resist negative energy. (rN+)
You are resistant to electric shocks. (rElec)
You are resistant to unholy torment.
You are immune to petrification.


Message History

The blast of sand hits Maggie!
Maggie is heavily wounded.
The hound bites you but does no damage.
Maggie hits you with a +1 broad axe of flaming.
Maggie burns you. The hound completely misses you. Maggie barely misses you.
Casting: Sandblast (safe; 1% risk of failure)
Confirm with . or Enter, or press ? or * to list all spells.
Aiming: Sandblast (safe; 1% risk of failure)
Press: ? - help, Shift-Dir - straight line, f/p - Maggie
Aim: Maggie, wielding a +1 broad axe of flaming and wearing +0 steam dragon scales (heavily wounded, mesmerising, 85% to hit)
The blast of sand hits Maggie!
Maggie is heavily wounded.
The hound closely misses you. The hound bites you.
Maggie hits you with a +1 broad axe of flaming.
Maggie burns you. The hound closely misses you.
Casting: Sandblast (safe; 1% risk of failure)
Confirm with . or Enter, or press ? or * to list all spells.
Aiming: Sandblast (safe; 1% risk of failure)
Press: ? - help, Shift-Dir - straight line, f/p - Maggie
Aim: Maggie, wielding a +1 broad axe of flaming and wearing +0 steam dragon scales (heavily wounded, mesmerising, 85% to hit)
The blast of sand hits Maggie!
Maggie is severely wounded.
Maggie points at you and mumbles some strange words.
The bolt of fire misses you. The hound bites you but does no damage.
The hound barely misses you.
Maggie hits you with a +1 broad axe of flaming.
Maggie burns you.
Casting: Sandblast (safe; 1% risk of failure)
Confirm with . or Enter, or press ? or * to list all spells.
Aiming: Sandblast (safe; 1% risk of failure)
Press: ? - help, Shift-Dir - straight line, f/p - Maggie
Aim: Maggie, wielding a +1 broad axe of flaming and wearing +0 steam dragon scales (severely wounded, mesmerising, 85% to hit)
The blast of sand hits Maggie!
Maggie is almost dead.
You block the hound's attack. Maggie casts a spell at you.
The bolt of fire hits you!!
* * * LOW HITPOINT WARNING * * *
The hound bites you.
You die...

#### ...# ..# ###
##.#.#@#########.##
......h@$.........#
##.#......####.#.##
#...###.# #.#.#
#.#. #.# #.#.# .. .
#.####.#.###### ..
.. ..............#
# ##
..####.#.####.# ..#
#.#.# ####.#.#


You could see Maggie (mesmerising) and a hound.

Vanquished Creatures
  Grinder (D:4)
  A water moccasin (D:5)
  An orc warrior (D:5)
  A sky beast (D:6)
  3 ogres (D:5)
  4 phantoms
  A kobold brigand (D:6)
  Blork the orc (D:4)
  A scorpion (D:5)
  2 orc priests
  3 hounds
  A gnoll bouda (D:5)
  An iguana (D:4)
  2 orc wizards
  A sickly merfolk siren (Sewer)
  A malarious merfolk avatar (Sewer)
  5 gnolls
  9 adders
  4 river rats (Sewer)
  3 worms
  13 orcs
  8 bats
  7 endoplasms
  2 giant cockroaches
  5 goblins
  4 hobgoblins
  3 jackals (D:3)
  14 kobolds
  6 quokkas
  10 ball pythons
  10 frilled lizards
  23 rats
151 creatures vanquished.

Vanquished Creatures (others)
  A human (D:3)
1 creature vanquished.

Grand Total: 152 creatures vanquished

Notes
Turn   | Place    | Note
-------+----------+-------------------------------------------
     0 | D:1      | Irreverend the Gargoyle Earth Elementalist began the quest
                  | for the Orb.
     0 | D:1      | Reached XP level 1. HP: 10/10 MP: 3/3
   445 | D:1      | Reached XP level 2. HP: 16/16 MP: 3/5
   457 | D:1      | Reached skill level 1 in Fighting
   476 | D:1      | Reached skill level 4 in Earth Magic
   631 | D:1      | Reached XP level 3. HP: 17/20 MP: 4/6
  1103 | D:2      | Found a bloodstained altar of Trog.
  1111 | D:2      | Learned a level 3 spell: Stone Arrow
  1277 | D:2      | Reached XP level 4. HP: 26/26 MP: 6/8
  1487 | D:2      | Found a faded altar of an unknown god.
  1918 | D:3      | Reached XP level 5. HP: 32/32 MP: 7/9
  1971 | D:3      | Found an opulent altar of Gozag.
  2070 | D:3      | Found an ancient bone altar of Kikubaaqudgha.
  2073 | D:3      | Noticed a human
  2076 | D:3      | Killed a human
  2203 | D:3      | Found a snail-covered altar of Cheibriados.
  2280 | D:4      | Noticed Blork the orc
  2282 | D:4      | Killed Blork the orc
  2283 | D:4      | Reached skill level 1 in Shields
  2283 | D:4      | Reached skill level 1 in Conjurations
  2283 | D:4      | Reached skill level 5 in Earth Magic
  2296 | D:4      | Found a burning altar of Makhleb.
  2296 | D:4      | Found a hide-covered altar of Uskayaw.
  2314 | D:4      | Noticed a phantom
  2315 | D:4      | Identified the +1 short sword of Law {speed, Int+4 Stlth+}
  2319 | D:4      | Killed a phantom
  2320 | D:4      | Reached XP level 6. HP: 34/37 MP: 8/10
  2373 | D:4      | Found an ornate altar of the Wu Jian Council.
  2658 | D:4      | Noticed Grinder
  2668 | D:4      | Killed Grinder
  2669 | D:4      | Reached skill level 6 in Earth Magic
  2669 | D:4      | Reached XP level 7. HP: 31/43 MP: 8/11
  2817 | D:4      | Found a glowing drain.
  2828 | Sewer    | Entered a sewer
  3588 | D:4      | Identified the +0 ring mail "Vysowk" {MP+9 Dex-2 Slay+2}
  3598 | D:4      | Reached XP level 8. HP: 48/48 MP: 10/12
  3632 | D:5      | Entered Level 5 of the Dungeon
  3717 | D:5      | Reached skill level 5 in Fighting
  3836 | D:5      | Reached skill level 7 in Earth Magic
  4140 | D:5      | Found a staircase to the Ecumenical Temple.
  4163 | Temple   | Entered the Ecumenical Temple
  4173 | Temple   | Became a worshipper of Vehumet
  4214 | D:5      | Reached skill level 5 in Shields
  4349 | D:6      | Learned a level 2 spell: Passwall
  4408 | D:6      | Reached XP level 9. HP: 44/55 MP: 6/15
  4555 | D:6      | Noticed Maggie
  4562 | D:6      | HP: 1/55 [Maggie/bolt of fire (22)]
  4562 | D:6      | Slain by a hound

Illustrated notes

Levels and vault maps discovered:
D:1:      dpeg_arrival_circle_labyrinth_c, layout_basic
D:2:      cheibrodos_old_hovel, layout_rooms,
          chequers_ecumenical_altar_simple_redux, basic_altar
D:3:      layout_loops_ring, cheibriados_altar_1, grunt_gozag_breadcrumbs,
          tgw_kikubaaqudgha
D:4:      layout_gridville, nzn_wu_jian_council_hall,
          mainiacjoe_overflow_divided_tiny, portal_sewer_entry_d, uniq_grinder,
          uniq_blork_the_orc
D:5:      layout_rooms, minmay_temple_entry_grid, guppyfry_early_orc_mine
D:6:      layout_loops_ring, zin_statuary, nemelex_dance_club_becter,
          nicolae_yredelemnul_corpse_copse, nzn_hepliaklqana_mist_gate,
          uniq_maggie
Temple:   dpeg_three_leaves_temple

Skill      XL: |  1  2  3  4  5  6  7  8 |
---------------+-------------------------+-----
Fighting       | 1 2 3 4 6 |  6.2
Earth Magic    | 4 5 6 7 |  7.9
Shields        | 2 3 4 5 |  5.6
Conjurations   | 1 3 4 |  4.0
Spellcasting   | 4 |  4.3
Dodging        | |  1.5
Stealth        | |  2.1
Transmutations | |  0.7

Action                     |  1- 3 |  4- 6 |  7- 9 || total
---------------------------+-------+-------+-------++-------
  Melee: Club              |       |       |     1 ||     1
   Cast: Sandblast         |    51 |    65 |   123 ||   239
         Stone Arrow       |       |       |     8 ||     8
 Armour: Robe              |     7 |    16 |    14 ||    37
  Dodge: Dodged            |    11 |    25 |    28 ||    64
  Block: Buckler           |       |       |    12 ||    12

Table legend: (Time is in decaauts)
 A = Elapsed time spent in this place.
 B = Non-inter-level travel time spent in this place.
 C = Inter-level travel time spent in this place.
 D = Time resting spent in this place.
 E = Time spent auto-exploring this place.
 F = Levels seen in this place.
 G = Mean time per level.
                   A        B        C        D        E       F      G
               +--------+--------+--------+--------+--------+-----+--------+
         Total |   4680 |   4554 |    126 |    361 |   3226 |   8 |  585.0 |
       Dungeon |   4140 |   4023 |    117 |    183 |   3102 |   6 |  690.0 |
        Temple |     20 |     11 |      9 |      0 |      0 |   1 |   20.0 |
         Sewer |    519 |    519 |      0 |    178 |    124 |   1 |  519.0 |
               +--------+--------+--------+--------+--------+-----+--------+

Top non-repeatable levels by time:
     D:1: 1121 daAuts
     D:4: 953 daAuts
     D:3: 696 daAuts
     D:5: 617 daAuts
   Sewer: 519 daAuts
     D:2: 505 daAuts
     D:6: 247 daAuts
  Temple: 20 daAuts
